 Dungeon Crawl Stone Soup version 0.19.5 (webtiles) character file.

333 miragecloak the Stinger (level 6, -1/38 HPs)
             Began as an Octopode Transmuter on May 4, 2017.
             Slain by a gnoll
             ... wielding a +0 spear
              (8 damage)
             ... on level 4 of the Dungeon.
             The game lasted 00:04:41 (3953 turns).

miragecloak the Stinger (Octopode Transmuter)       Turns: 3953, Time: 00:04:41

Health: -1/38      AC:  2    Str: 10    XL:     6   Next: 52%
Magic:  7/9        EV: 20    Int: 15    God:
Gold:   131        SH:  0    Dex: 19    Spells: 2 memorised, 5 levels left

rFire  . . .     SeeInvis .       - Unarmed
rCold  . . .     Gourm    .     (shield currently unavailable)
rNeg   . . .     Faith    .     (helmet currently unavailable)
rPois  x         Spirit   .     (no amulet)
rElec  .         Reflect  .     (no ring)
rCorr  .         Harm     .     (no ring)
MR     .....                    (no ring)
Stlth  ++........               (no ring)
                                (no ring)
                                (no ring)
                                (no ring)
                                (no ring)

@: lethally poisoned (-1 -> -4), spider-form
A: almost no armour, stealthy swim, (amphibious), 8 rings, (constrict 8),
(camouflage 0), (gelatinous body 0)
a: End Transformation


You were on level 4 of the Dungeon.
You were hungry.
You were a venomous arachnid creature.
You visited 1 branch of the dungeon, and saw 4 of its levels.

You collected 131 gold pieces.

Inventory:

Missiles
 a - 12 arrows
Wands
 p - a wand of acid (9/15)
Scrolls
 f - 3 scrolls of blinking {unknown}
 g - 2 scrolls of remove curse {unknown}
 h - 2 scrolls of recharging {unknown}
 j - a scroll of teleportation {unknown}
 k - 4 scrolls of identify {unknown}
 n - 2 scrolls of fog {unknown}
 o - a scroll of immolation {unknown}
Potions
 e - a potion of haste {unknown}
 i - a potion of curing {unknown}
 l - a potion of cure mutation {unknown}
 m - 2 potions of lignification {unknown}
Books
 b - a book of Changes

   Spells                             Type                      Level
   a - Beastly Appendage              Transmutation                1
   b - Sticks to Snakes               Transmutation                2
   c - Spider Form                    Transmutation/Poison         3
   d - Ice Form                       Ice/Transmutation            4
   e - Blade Hands                    Transmutation                5
Comestibles
 c - 4 bread rations
 d - 2 meat rations


   Skills:
 - Level 1.0 Fighting
 - Level 2.0 Dodging
 + Level 3.1 Unarmed Combat
 - Level 2.0 Spellcasting
 - Level 4.0 Transmutations
 - Level 6.1 Poison Magic


You had 5 spell levels left.
You knew the following spells:

 Your Spells              Type           Power        Failure   Level  Hunger
a - Beastly Appendage     Tmut           ##....       14%         1    #......
b - Spider Form           Tmut/Pois      ###.......   24%         3    ###....


Dungeon Overview and Level Annotations

Branches:
Dungeon (4/15)
 Temple: D:4-7

Altars:
Cheibriados
Dithmenos
Elyvilon
Gozag
Makhleb
Nemelex Xobeh
Okawaru

Annotations:
D:4 manyhoops's ghost, amateur SpEn


Innate Abilities, Weirdness & Mutations

You cannot wear most types of armour.
You are very stealthy in the water. (Stealth+)
((You are amphibious.))
You can wear up to eight rings at the same time.
((You can use your tentacles to constrict eight enemies at once.))
((Your skin changes colour to match your surroundings (Stealth+).))
((Your rubbery body absorbs attacks. (AC +1, EV +1)))


Message History

You feel sick.
The gnoll hits you from afar with a spear.
You feel sick. The gnoll closely misses you.
You feel sick. The adder barely misses you.
You feel sick.
You feel sick. The adder closely misses you. The iguana barely misses you.
The gnoll completely misses you. The adder misses you. The iguana misses you.
The adder closely misses you. The gnoll completely misses you.
You bite the adder!
The adder is severely wounded.
You feel sick. The adder misses you. The iguana closely misses you.
The gnoll closely misses you.
You bite the adder!
You kill the adder!
The iguana completely misses you. The gnoll misses you. The iguana misses you.
The gnoll barely misses you. The ogre misses you.
You hit the gnoll but do no damage.
The gnoll is poisoned.
You feel sick. The iguana misses you. The gnoll hits you with a spear!
You die...

##...........# ..#
#..##..._....######.#
..###.....##........#
.. #...(.#.........#
..# #######.#.......#
..# ....####.#.## ..##
.#### #.#.# #..###..
#.#.# #..... ##sl.#
#...##..# #Og###
#.<.....# ###..######
.)####..#####.........#
#)# ..............# #.#
.#............# #.#
...##.........# #.# ..
#.........# #.# .
#...>.....#


You could see an ogre, an iguana and a gnoll.

Vanquished Creatures
  A scorpion (D:4)
  A crimson imp (D:4)
  A hound (D:4)
  2 orc wizards
  2 worker ants
  3 adders
  2 worms
  5 dart slugs
  A leopard gecko (D:4)
  5 orcs
  3 giant cockroaches
  7 goblins
  8 hobgoblins
  4 jackals (D:1)
  A quokka (D:2)
  A ball python (D:4)
  8 bats
  8 frilled lizards
  8 kobolds
  10 rats
81 creatures vanquished.

Notes
Turn   | Place    | Note
-------+----------+-------------------------------------------
     0 | D:1      | miragecloak the Octopode Transmuter began the quest for the Orb.
     0 | D:1      | Reached XP level 1. HP: 13/13 MP: 3/3
   320 | D:1      | Reached XP level 2. HP: 12/18 MP: 3/5
   956 | D:1      | Reached XP level 3. HP: 23/23 MP: 6/6
  1334 | D:2      | Found an opulent altar of Gozag.
  1750 | D:2      | Found a white marble altar of Elyvilon.
  2061 | D:2      | Learned a level 3 spell: Spider Form
  2293 | D:3      | Reached skill level 1 in Poison Magic
  2293 | D:3      | Reached XP level 4. HP: 26/28 MP: 0/7
  2341 | D:3      | Found a snail-covered altar of Cheibriados.
  2529 | D:3      | Reached skill level 2 in Poison Magic
  2963 | D:4      | Reached skill level 3 in Poison Magic
  2963 | D:4      | Reached XP level 5. HP: 21/33 MP: 2/8
  3099 | D:4      | Reached skill level 4 in Poison Magic
  3207 | D:4      | Noticed manyhoops's ghost (amateur SpEn)
  3230 | D:3      | Reached skill level 5 in Poison Magic
  3230 | D:3      | Reached XP level 6. HP: 19/38 MP: 5/9
  3506 | D:4      | Found a shadowy altar of Dithmenos.
  3506 | D:4      | Found a sparkling altar of Nemelex Xobeh.
  3506 | D:4      | Noticed a black bear
  3555 | D:4      | Found a burning altar of Makhleb.
  3568 | D:4      | Reached skill level 6 in Poison Magic
  3905 | D:4      | Found an iron altar of Okawaru.
  3953 | D:4      | Slain by a gnoll

Skill      XL: |  1  2  3  4  5  6 |
---------------+-------------------+-----
Transmutations | 3 4 |  4.0
Poison Magic   | 1 3 5 6 |  6.1
Fighting       | |  1.0
Dodging        | |  2.0
Unarmed Combat | |  3.1
Spellcasting   | |  2.0

Action                   |  1- 3 |  4- 6 || total
-------------------------+-------+-------++-------
Melee: Unarmed           |   110 |    96 ||   206
       Constrict         |    27 |     6 ||    33
       Kick              |    21 |     4 ||    25
       Tentacles         |    22 |     2 ||    24
       Punch             |     2 |       ||     2
 Cast: Beastly Appendage |    34 |     2 ||    36
       Spider Form       |     1 |    14 ||    15
 Stab: Sleeping          |    10 |     2 ||    12
  Eat: Chunk             |     2 |     5 ||     7
       Meat ration       |     1 |       ||     1
Armor: Skin              |    18 |     9 ||    27
Dodge: Dodged            |    82 |   104 ||   186
